[Event "Friday Night Engine Tour 7rd Swiss 12m+1s Starts at 2200hrs ST"]
[Site "Infinity Chess"]
[Date "2018.4.7"]
[Round "7"]
[White "THE_MACHINE"]
[Black "MGR"]
[Result "1/2-1/2"]
[ECO "B90"]
[WhiteElo "2509"]
[BlackElo "2475"]
[WhiteEngine "BrainFish_180404_x64_bmi2"]
[BlackEngine "CF 180327 64 POP N"]
[EventType "Swiss"]
[WhiteTeam ""]
[BlackTeam ""]
[PlyCount "114"]
[TimeControl "720+1"]

1. e4 c5 2. Nf3 d6 3. d4 cxd4 4. Nxd4 Nf6 5. Nc3 a6 6. Be3 e5 7. Nb3 Be6 
8. Be2 Be7 9. Qd3 O-O 10. O-O Nc6 11. a3 Rc8 12. Nd5 Nd7 13. h3 Bg5 14. Bg4 Bxg4 
15. hxg4 Bxe3 16. Nxe3 Qg5 17. Qd2 Nf6 18. f3 h5 19. Nd5 Qg6 20. Nxf6+ gxf6 
21. c3 Kg7 22. Rad1 hxg4 23. fxg4 Rh8 24. g5 Rh4 25. Rf5 Qh7 26. Kf2 Rxe4 
27. gxf6+ Kh8 28. Rf3 Rh4 29. Qe3 e4 30. Rh3 Qf5+ 31. Ke1 Rxh3 32. Qxh3+ Qxh3 
33. gxh3 Ne5 34. Rxd6 Nd3+ 35. Ke2 Nxb2 36. Nd2 Na4 37. c4 Kh7 38. h4 Kg6 
39. Ke3 Rh8 40. Nxe4 Nb2 41. Rd4 Rxh4 42. c5 Rh3+ 43. Kd2 Kf5 44. Nd6+ Ke5 
45. Re4+ Kd5 46. Re7 Rxa3 47. Ke2 Ra4 48. Rxf7 Nc4 49. Nxc4 Rxc4 50. Rxb7 Rf4 
51. c6 Kxc6 52. Ke3 Rxf6 53. Rb1 a5 54. Ra1 Kb5 55. Re1 Kc4 56. Kd2 a4 
57. Rc1+ Kb3 1/2-1/2

[Event "Friday Night Engine Tour 7rd Swiss 12m+1s Starts at 2200hrs ST"]
[Site "Infinity Chess"]
[Date "2018.4.7"]
[Round "7"]
[White "Murx"]
[Black "MCDermont"]
[Result "1/2-1/2"]
[ECO "C11"]
[WhiteElo "2507"]
[BlackElo "2503"]
[WhiteEngine "asmFishW_2018-04-01_bmi2"]
[BlackEngine "BrainFish 010418 WM_CTG"]
[EventType "Swiss"]
[WhiteTeam ""]
[BlackTeam ""]
[PlyCount "132"]
[TimeControl "720+1"]

1. e4 e6 2. d4 d5 3. Nc3 Nf6 4. e5 Nfd7 5. f4 c5 6. Nf3 Nc6 7. Be3 cxd4 
8. Nxd4 Qb6 9. Qd2 Qxb2 10. Rb1 Qa3 11. Bb5 Nxd4 12. Bxd4 a6 13. Bxd7+ Bxd7 
14. Rb3 Qe7 15. Rxb7 Rc8 16. O-O Qd8 17. f5 exf5 18. Qd3 Bc5 19. Bxc5 Rxc5 
20. Nxd5 Bc8 21. Re7+ Kf8 22. Qa3 Qa5 23. Qxa5 Rxa5 24. Rc7 Be6 25. Nf4 Rxe5 
26. Nxe6+ Rxe6 27. Rxf5 Re7 28. Rc8+ Re8 29. Rfc5 Ke7 30. R8c6 g6 31. Rxa6 Rc8 
32. Re5+ Kf8 33. Re2 Kg7 34. Kf2 Rhd8 35. a3 Rd1 36. Ra4 Rc3 37. Ra6 h5 
38. h3 h4 39. a4 Ra1 40. Ra7 Rc4 41. a5 Rc5 42. a6 Rc6 43. Ke3 Rcxa6 
44. Rxa6 Rxa6 45. Kd4 Ra2 46. Rf2 g5 47. Rd2 Kh6 48. Ke5 Ra4 49. Rd3 Kh5 
50. Rd8 g4 51. hxg4+ Kxg4 52. c3 Ra5+ 53. Kf6 Rf5+ 54. Ke7 h3 55. Rg8+ Kf4 
56. gxh3 Rc5 57. c4 Ke5 58. h4 f6 59. h5 Rc7+ 60. Kf8 f5 61. c5 f4 62. c6 f3 
63. Rg1 f2 64. Rf1 Rxc6 65. Rxf2 Rf6+ 66. Rxf6 Kxf6 1/2-1/2

[Event "Friday Night Engine Tour 7rd Swiss 12m+1s Starts at 2200hrs ST"]
[Site "Infinity Chess"]
[Date "2018.4.7"]
[Round "6"]
[White "OlivierEvan"]
[Black "TasicV"]
[Result "1/2-1/2"]
[ECO "A06"]
[WhiteElo "2441"]
[BlackElo "2372"]
[WhiteEngine "Houdini 6"]
[BlackEngine "SugaR.XPrO.1.4.64.POCNT_CTG"]
[EventType "Swiss"]
[WhiteTeam ""]
[BlackTeam ""]
[PlyCount "106"]
[TimeControl "720+1"]

1. Nf3 d5 2. b3 Nf6 3. Bb2 Bf5 4. g3 c5 5. Bg2 Nc6 6. O-O e6 7. d3 Bd6 
8. e4 dxe4 9. dxe4 Bxe4 10. Nc3 Bxf3 11. Qxf3 Rc8 12. Rad1 Qe7 13. a4 O-O 
14. Nb5 Bb8 15. Bxf6 gxf6 16. Qg4+ Kh8 17. Bxc6 f5 18. Qf3 Rxc6 19. Rfe1 f4 
20. Na3 fxg3 21. hxg3 f5 22. Qc3+ Kg8 23. Nc4 f4 24. Ne5 Bxe5 25. Rxe5 Qf6 
26. Qe1 fxg3 27. fxg3 Qg6 28. c4 h6 29. Kg2 Rf7 30. Rd8+ Kh7 31. Re8 Rd7 
32. Qe4 Qxe4+ 33. Rxe4 Kg6 34. R4xe6+ Rxe6 35. Rxe6+ Kf5 36. Rxh6 Rd3 
37. Rh5+ Kg4 38. Rh4+ Kg5 39. a5 Rxb3 40. Rh7 Rb4 41. Kf3 Kf5 42. g4+ Ke5 
43. Rh5+ Ke6 44. Rxc5 b6 45. axb6 axb6 46. Rc7 b5 47. c5 Rc4 48. g5 Kf5 
49. c6 b4 50. Rb7 Kxg5 51. Kg2 b3 52. Rxb3 Rc2+ 53. Kg3 Rc1 1/2-1/2

[Event "Friday Night Engine Tour 7rd Swiss 12m+1s Starts at 2200hrs ST"]
[Site "Infinity Chess"]
[Date "2018.4.7"]
[Round "6"]
[White "MrScience"]
[Black "Victorious"]
[Result "0-1"]
[ECO "D02"]
[WhiteElo "2430"]
[BlackElo "2460"]
[WhiteEngine "cfish"]
[BlackEngine "CF180327N73vk"]
[EventType "Swiss"]
[WhiteTeam ""]
[BlackTeam ""]
[PlyCount "186"]
[TimeControl "720+1"]

1. d4 d5 2. Nf3 Nf6 3. c4 e6 4. g3 Bb4+ 5. Bd2 Be7 6. Bg2 O-O 7. Qc2 a5 
8. O-O h6 9. Bf4 Nc6 10. a3 a4 11. cxd5 exd5 12. Nc3 Bg4 13. Be3 Qc8 
14. Nxa4 Bf5 15. Qd1 Na5 16. Bf4 Nc4 17. Ne5 b5 18. Nxc4 bxc4 19. Re1 Bh3 
20. Bf3 Rb8 21. Be5 Rd8 22. Rc1 Nd7 23. Bf4 Nf6 24. Qd2 g5 25. Be5 Nd7 
26. Qe3 Nb6 27. Nc3 Rb7 28. a4 c6 29. a5 Nd7 30. Bh5 Nxe5 31. Qxe5 Bf8 
32. a6 Ra7 33. Ra1 Be6 34. Qe3 Rxa6 35. Qd2 Rb6 36. Ra2 Qd7 37. Bf3 Rb3 
38. e3 Rdb8 39. Qc2 Qb7 40. Na4 Kg7 41. Rd1 Qd7 42. Nc3 Bf5 43. e4 Bg6 
44. Qc1 dxe4 45. Be2 Qe6 46. d5 Qf6 47. Bxc4 Bc5 48. Rf1 e3 49. fxe3 Qe5 
50. Re1 R3b4 51. Bf1 cxd5 52. Ra5 Rc8 53. Rb5 h5 54. Bh3 Rc6 55. Rxb4 Bxb4 
56. Bg2 h4 57. Qd1 Re6 58. Qb3 Ba5 59. Qxd5 Bxc3 60. bxc3 Qxc3 61. Re2 Rxe3 
62. Qd2 Qxd2 63. Rxd2 hxg3 64. hxg3 Rxg3 65. Rd4 Rd3 66. Ra4 f5 67. Kf2 Rd2+ 
68. Kf1 g4 69. Bc6 Kf6 70. Ke1 Rc2 71. Ba8 Rb2 72. Bc6 Kg5 73. Ra8 f4 
74. Ra5+ Kh4 75. Ra4 Kg3 76. Bd7 Bc2 77. Rc4 Rb1+ 78. Kd2 Rd1+ 79. Kc3 Rxd7 
80. Kxc2 f3 81. Rc3 Kg2 82. Kb3 f2 83. Rc2 Rb7+ 84. Ka2 g3 85. Rd2 Kh3 
86. Rd1 g2 87. Rd3+ Kh2 88. Rb3 Rxb3 89. Kxb3 f1=Q 90. Kc2 g1=Q 91. Kc3 Qc1+ 
92. Kb4 Qb6+ 93. Ka4 Qa1# 0-1

[Event "Friday Night Engine Tour 7rd Swiss 12m+1s Starts at 2200hrs ST"]
[Site "Infinity Chess"]
[Date "2018.4.7"]
[Round "6"]
[White "Dovahkiin"]
[Black "Coco69"]
[Result "1/2-1/2"]
[ECO "D31"]
[WhiteElo "2350"]
[BlackElo "2426"]
[WhiteEngine "corchess_x64_modern_CTG"]
[BlackEngine "Raubfisch X38_CTG"]
[EventType "Swiss"]
[WhiteTeam ""]
[BlackTeam ""]
[PlyCount "107"]
[TimeControl "720+1"]

1. d4 d5 2. c4 e6 3. Nc3 c6 4. Nf3 Nf6 5. Bg5 h6 6. Bxf6 Qxf6 7. e3 Nd7 
8. Bd3 dxc4 9. Bxc4 g6 10. e4 e5 11. O-O Be7 12. d5 Nb6 13. Be2 O-O 
14. dxc6 bxc6 15. Qc2 Rd8 16. Rac1 Kg7 17. a3 h5 18. Rfd1 Bg4 19. Nb1 Bxf3 
20. Bxf3 c5 21. Rxd8 Rxd8 22. Be2 Qe6 23. Rd1 Rxd1+ 24. Bxd1 Qc4 25. Nc3 Qd4 
26. Be2 c4 27. Nd1 Bg5 28. Nc3 Bd2 29. Nb5 Qc5 30. Qxd2 Qxb5 31. Qc2 Kf6 
32. g3 Qc5 33. Kg2 Qd4 34. Kf3 Ke7 35. Qc3 Kf8 36. Qb4+ Kg7 37. h4 a5 
38. Qc3 Qc5 39. Qc2 Qc6 40. Kg2 Kf6 41. Bd3 Qc5 42. Be2 Qd4 43. Kf3 Ke7 
44. Qc3 Kd6 45. Qxa5 Qxb2 46. Qa7 Qb3+ 47. Kg2 c3 48. Bd1 Qb1 49. Qb8+ Ke6 
50. Qe8+ Kf6 51. Qh8+ Ke6 52. Qe8+ Kf6 53. Qh8+ Ke6 54. Qe8+ 1/2-1/2

[Event "Friday Night Engine Tour 7rd Swiss 12m+1s Starts at 2200hrs ST"]
[Site "Infinity Chess"]
[Date "2018.4.7"]
[Round "6"]
[White "Vimtiroba"]
[Black "Macho"]
[Result "1/2-1/2"]
[ECO "C26"]
[WhiteElo "2364"]
[BlackElo "2430"]
[WhiteEngine "SF9 ''M26''_CTG"]
[BlackEngine "CiChess_2.1a_x64_200318_popcnt"]
[EventType "Swiss"]
[WhiteTeam ""]
[BlackTeam ""]
[PlyCount "142"]
[TimeControl "720+1"]

1. e4 e5 2. Nc3 Nf6 3. g3 Bc5 4. Bg2 Nc6 5. Nf3 d6 6. O-O O-O 7. d3 a5 
8. Be3 Bxe3 9. fxe3 Ne7 10. d4 Ng6 11. Qd3 c6 12. d5 Qc7 13. Nd2 Bd7 14. b3 Ne7 
15. a4 Rfc8 16. Rac1 Rab8 17. h3 Be8 18. Qe2 h6 19. Rxf6 gxf6 20. Rf1 Kg7 
21. Qg4+ Ng6 22. h4 Qd8 23. dxc6 bxc6 24. Bh3 Rc7 25. Qh5 d5 26. Qf3 Qd6 
27. exd5 cxd5 28. Nxd5 Rxc2 29. Nc4 e4 30. Qxe4 Rxc4 31. bxc4 Bc6 32. h5 Qxg3+ 
33. Qg2 Qxg2+ 34. Bxg2 Ne5 35. Ne7 Bxa4 36. Nf5+ Kh7 37. Rc1 Rg8 38. Nd4 Rg5 
39. Kf1 Kg8 40. Be4 Nd7 41. Bf3 Re5 42. Ke2 Nc5 43. Rb1 Bd7 44. Rb8+ Kg7 
45. Ra8 a4 46. Ra7 f5 47. Kf2 Kf6 48. Bd5 Re7 49. Ra5 Nd3+ 50. Ke2 Nf4+ 
51. Kd2 Nxh5 52. Ra6+ Be6 53. c5 Ng3 54. Ke1 h5 55. Kf2 Ne4+ 56. Bxe4 fxe4 
57. c6 a3 58. Rxa3 h4 59. Ra8 Rc7 60. Rh8 Kg5 61. Re8 Kf6 62. Rh8 h3 
63. Rh6+ Ke7 64. Kg3 Rc8 65. Kf4 Kd6 66. Kxe4 Rg8 67. Nxe6 fxe6 68. Rxh3 Kxc6 
69. Rh6 Kd7 70. Rh1 Rg7 71. Kf4 Ke7 1/2-1/2

[Event "Friday Night Engine Tour 7rd Swiss 12m+1s Starts at 2200hrs ST"]
[Site "Infinity Chess"]
[Date "2018.4.7"]
[Round "6"]
[White "fati64"]
[Black "ocirema"]
[Result "1/2-1/2"]
[ECO "C55"]
[WhiteElo "2434"]
[BlackElo "2419"]
[WhiteEngine "BrainFish_180404_x64"]
[BlackEngine "asmFishW_2018-04-01_popcnt"]
[EventType "Swiss"]
[WhiteTeam ""]
[BlackTeam ""]
[PlyCount "83"]
[TimeControl "720+1"]

1. e4 e5 2. Nf3 Nc6 3. Bc4 Nf6 4. d3 Bc5 5. O-O d6 6. c3 a5 7. Bg5 Ba7 
8. Nbd2 O-O 9. Bh4 h6 10. Re1 g5 11. Bg3 Nh7 12. h3 h5 13. d4 h4 14. Bh2 g4 
15. hxg4 Bxg4 16. Bd5 Ng5 17. Qb3 Nxf3+ 18. gxf3 Bh5 19. Kh1 Kh8 20. Rg1 Qf6 
21. f4 Qh6 22. Rg5 f6 23. Rg2 a4 24. Qc2 exd4 25. Rag1 a3 26. b4 Rae8 
27. Qd3 dxc3 28. Qxc3 Nd4 29. Qxa3 Bb6 30. Qh3 Ne2 31. Qxh4 Nxg1 32. Bxg1 Re7 
33. Rh2 Rh7 34. Be6 Bd4 35. Bf5 Rff7 36. Bxh7 Rxh7 37. Qh3 Qxf4 38. Qc8+ Kg7 
39. Qd7+ Kh8 40. Qc8+ Kg7 41. Qd7+ Kh8 42. Qc8+ 1/2-1/2

[Event "Friday Night Engine Tour 7rd Swiss 12m+1s Starts at 2200hrs ST"]
[Site "Infinity Chess"]
[Date "2018.4.7"]
[Round "6"]
[White "RonWeasley"]
[Black "CoffeeOne"]
[Result "1/2-1/2"]
[ECO "D30"]
[WhiteElo "2474"]
[BlackElo "2457"]
[WhiteEngine "BrainFish 010418 WM_CTG"]
[BlackEngine "stockfish_9"]
[EventType "Swiss"]
[WhiteTeam ""]
[BlackTeam ""]
[PlyCount "109"]
[TimeControl "720+1"]

1. d4 d5 2. c4 e6 3. Nf3 Nf6 4. Nc3 dxc4 5. e4 Bb4 6. Bg5 c5 7. Bxc4 cxd4 
8. Nxd4 Bxc3+ 9. bxc3 Qa5 10. Bb5+ Bd7 11. Bxf6 gxf6 12. Bxd7+ Nxd7 13. O-O a6 
14. Rb1 Qc7 15. Qh5 Nc5 16. Rb4 Qe5 17. Qh4 Rd8 18. Rfb1 h5 19. Rc4 Qxe4 
20. Qxe4 Nxe4 21. Nxe6 fxe6 22. Rxe4 Rd6 23. Reb4 Rh7 24. g3 Rdd7 25. Kg2 Rc7 
26. a4 Rhd7 27. Rb6 Kf7 28. R1b4 e5 29. f4 a5 30. Re4 Rxc3 31. fxe5 Rd2+ 
32. Kh3 Rcc2 33. Rxf6+ Ke7 34. Kh4 Rxh2+ 35. Kg5 Rh3 36. Rf3 Rc8 37. Rh4 Rxh4 
38. gxh4 Rc4 39. Kxh5 Rxa4 40. Re3 b5 41. Kg5 b4 42. h5 Ra1 43. h6 Rh1 
44. e6 Rg1+ 45. Kf4 a4 46. Rh3 Rg8 47. h7 Rh8 48. Ke5 a3 49. Rd3 a2 50. Rd7+ Kf8 
51. Ra7 Rxh7 52. Rxa2 Rh1 53. Ra8+ Ke7 54. Ra7+ Kf8 55. Ra8+ 1/2-1/2

[Event "Friday Night Engine Tour 7rd Swiss 12m+1s Starts at 2200hrs ST"]
[Site "Infinity Chess"]
[Date "2018.4.7"]
[Round "6"]
[White "MGR"]
[Black "Deep_Impact"]
[Result "1/2-1/2"]
[ECO "C42"]
[WhiteElo "2475"]
[BlackElo "2468"]
[WhiteEngine "CF 180327 64 POP N"]
[BlackEngine "BrainFish_180404_x64_modern"]
[EventType "Swiss"]
[WhiteTeam ""]
[BlackTeam ""]
[PlyCount "117"]
[TimeControl "720+1"]

1. e4 e5 2. Nf3 Nf6 3. Nxe5 d6 4. Nf3 Nxe4 5. d4 d5 6. Bd3 Nc6 7. O-O Be7 
8. Nbd2 Bf5 9. Re1 Nxd2 10. Qxd2 Bxd3 11. Qxd3 O-O 12. c3 h6 13. Bf4 Bd6 
14. Bxd6 Qxd6 15. Re3 Rfe8 16. Rae1 Rxe3 17. Rxe3 Qd7 18. h3 a6 19. Qc2 a5 
20. g4 Re8 21. Qf5 Re6 22. Rxe6 Qxe6 23. Qxe6 fxe6 24. Kg2 Kf7 25. Ne5+ Nxe5 
26. dxe5 c5 27. a4 g5 28. Kg3 Kg6 29. Kf3 Kf7 30. b3 Ke7 31. Ke2 Kd7 32. Ke3 Ke7 
33. f3 Ke8 34. Kf2 Kd7 35. c4 d4 36. Ke2 h5 37. Kd3 h4 38. Ke4 Kc7 39. f4 gxf4 
40. Kxf4 Kc6 41. Ke4 Kd7 42. Kd3 Ke7 43. Kd2 Kf8 44. Kd3 Ke7 45. Kd2 Kf8 
46. Ke2 Kf7 47. Kd2 Kg6 48. Ke2 Kg5 49. Kf3 Kg6 50. Ke4 b6 51. Kd3 Kg5 
52. Ke4 Kg6 53. Kd3 Kh6 54. Ke2 Kg5 55. Kf3 Kg6 56. Ke4 Kg5 57. Kf3 Kg6 
58. Ke4 Kg5 59. Kf3 1/2-1/2

[Event "Friday Night Engine Tour 7rd Swiss 12m+1s Starts at 2200hrs ST"]
[Site "Infinity Chess"]
[Date "2018.4.7"]
[Round "6"]
[White "MCDermont"]
[Black "star99"]
[Result "1-0 "]
[ECO "E32"]
[WhiteElo "2488"]
[BlackElo "2455"]
[WhiteEngine "BrainFish 010418 WM_CTG"]
[BlackEngine "Cryptic Heroes 9.3B"]
[EventType "Swiss"]
[WhiteTeam ""]
[BlackTeam ""]
[PlyCount "123"]
[TimeControl "720+1"]

1. d4 Nf6 2. c4 e6 3. Nc3 Bb4 4. Qc2 O-O 5. e4 d5 6. e5 Ne4 7. Bd3 c5 
8. Nf3 cxd4 9. Nxd4 Nd7 10. Bf4 Qh4 11. g3 Qh3 12. O-O-O Nxc3 13. bxc3 Ba3+ 
14. Kb1 Nb6 15. Bf1 Qh5 16. Be2 Qg6 17. Bd3 Qh5 18. g4 Qh4 19. Nf3 Qh3 
20. Ng5 Qxg4 21. Be3 Be7 22. Rhg1 Qh5 23. Nxh7 dxc4 24. Be4 g6 25. Ng5 Bd7 
26. Bf3 Ba4 27. Bxh5 Bxc2+ 28. Kxc2 Rad8 29. Bf3 Nd5 30. Bxd5 Rxd5 31. Rxd5 exd5 
32. Nh3 Rd8 33. Nf4 Bf8 34. Rd1 Re8 35. Nxd5 Rxe5 36. Nf6+ Kg7 37. Ng4 Rh5 
38. Bd4+ f6 39. Bxf6+ Kf7 40. Rd7+ Ke6 41. Rxb7 Ra5 42. Kb1 a6 43. Rb6+ Bd6 
44. Ka1 Kd7 45. Bd4 g5 46. Ne3 Bxh2 47. Nxc4 Ra4 48. Nb2 Ra5 49. Rg6 Bc7 
50. Rg7+ Kd8 51. Rxc7 Kxc7 52. Bb6+ Kxb6 53. Nc4+ Kb5 54. Nxa5 Kxa5 55. Kb2 Kb5 
56. Kb3 Kc5 57. f3 a5 58. Ka4 Kb6 59. c4 Kc5 60. Kxa5 Kxc4 61. Kb6 Kb4 62. Kc6 
1-0

[Event "Friday Night Engine Tour 7rd Swiss 12m+1s Starts at 2200hrs ST"]
[Site "Infinity Chess"]
[Date "2018.4.7"]
[Round "6"]
[White "THE_MACHINE"]
[Black "KRAKEN"]
[Result "1/2-1/2"]
[ECO "C50"]
[WhiteElo "2510"]
[BlackElo "2481"]
[WhiteEngine "BrainFish_180404_x64_bmi2"]
[BlackEngine "Raubfisch X38_CTG"]
[EventType "Swiss"]
[WhiteTeam ""]
[BlackTeam ""]
[PlyCount "129"]
[TimeControl "720+1"]

1. e4 e5 2. Nf3 Nc6 3. Bc4 Bc5 4. O-O Nf6 5. d3 d6 6. c3 Bb6 7. a4 h6 8. b4 a5 
9. b5 Ne7 10. Nbd2 O-O 11. Re1 Ng6 12. d4 Re8 13. Qb3 Be6 14. Bxe6 Rxe6 
15. Qc2 Re8 16. Nc4 exd4 17. cxd4 d5 18. Nxb6 cxb6 19. e5 Rc8 20. Qd1 Ne4 
21. Nd2 Nc3 22. Qf3 Qf6 23. Qe3 Qf5 24. Nf1 Rc4 25. Bd2 Rec8 26. Ng3 Qe6 
27. Ra3 Nxa4 28. Rf1 Nb2 29. f4 f5 30. Bc3 Na4 31. Ba1 Rb4 32. Qd3 Nb2 
33. Qxf5 Qxf5 34. Nxf5 Nc4 35. Rg3 Rf8 36. Nxg7 Kxg7 37. f5 Kh7 38. fxg6+ Kg7 
39. Rxf8 Kxf8 40. Kf2 Kg7 41. e6 a4 42. e7 Nd6 43. Rf3 Rb1 44. Bc3 Rb3 
45. Ke2 a3 46. Kd3 a2 47. Rf1 Kxg6 48. Kc2 Ra3 49. g4 Kg5 50. Ra1 Ra8 
51. Kb3 Re8 52. Bb4 Nxb5 53. Kxa2 Nxd4 54. Rd1 Nc6 55. Rxd5+ Kxg4 56. Ba3 Kh3 
57. Rf5 b5 58. Rxb5 Kxh2 59. Rxb7 h5 60. Bc1 Nxe7 61. Bg5 h4 62. Bxe7 h3 
63. Bd6+ Kg2 64. Rb1 h2 65. Bxh2 1/2-1/2

[Event "Friday Night Engine Tour 7rd Swiss 12m+1s Starts at 2200hrs ST"]
[Site "Infinity Chess"]
[Date "2018.4.7"]
[Round "6"]
[White "beka"]
[Black "Murx"]
[Result "1/2-1/2"]
[ECO "A06"]
[WhiteElo "2384"]
[BlackElo "2512"]
[WhiteEngine "stockfish_18032408_32bit"]
[BlackEngine "asmFishW_2018-04-01_bmi2"]
[EventType "Swiss"]
[WhiteTeam ""]
[BlackTeam ""]
[PlyCount "28"]
[TimeControl "720+1"]

1. Nf3 d5 2. d4 e6 3. c4 Nf6 4. g3 Bb4+ 5. Bd2 Be7 6. Bg2 O-O 7. Qc2 c6 
8. O-O b6 9. Ne5 Bb7 10. Rd1 Nbd7 11. Bf4 Nh5 12. Bd2 Nhf6 13. Bf4 Nh5 
14. Bd2 Nhf6 1/2-1/2

[Event "Friday Night Engine Tour 7rd Swiss 12m+1s Starts at 2200hrs ST"]
[Site "Infinity Chess"]
[Date "2018.4.6"]
[Round "5"]
[White "Victorious"]
[Black "TasicV"]
[Result "1/2-1/2"]
[ECO "C50"]
[WhiteElo "2464"]
[BlackElo "2368"]
[WhiteEngine "CF180327N73vk"]
[BlackEngine "SugaR.XPrO.1.4.64.POCNT_CTG"]
[EventType "Swiss"]
[WhiteTeam ""]
[BlackTeam ""]
[PlyCount "143"]
[TimeControl "720+1"]

1. e4 e5 2. Nf3 Nc6 3. Bc4 Bc5 4. O-O Nf6 5. d3 d6 6. c3 O-O 7. Nbd2 a5 
8. Re1 h6 9. Nf1 a4 10. h3 Ra5 11. Ng3 b5 12. b4 axb3 13. Bxb3 Be6 14. Rb1 Bb6 
15. d4 Bxb3 16. axb3 Ra2 17. Rb2 Ra1 18. Qd3 b4 19. Rbe2 d5 20. Nxe5 Nxe5 
21. dxe5 Nxe4 22. Nxe4 dxe4 23. Qc4 bxc3 24. Qxc3 Rb1 25. Rxe4 Qd5 26. b4 Rd8 
27. e6 fxe6 28. Rxe6 Rf8 29. R6e2 Rb3 30. Qd2 Qxd2 31. Bxd2 Rb2 32. Rd1 Rd8 
33. Kf1 Rxb4 34. Ra1 Rbd4 35. Ra2 R4d5 36. Bc3 Kf7 37. Re4 g5 38. f3 Rd1+ 
39. Re1 Rxe1+ 40. Bxe1 Ke6 41. Ra6 Rd1 42. Ke2 Rb1 43. Ra2 Bd4 44. Ra6+ Kd5 
45. Rxh6 Rb2+ 46. Kf1 Rb1 47. Rh7 c5 48. Re7 c4 49. Rd7+ Ke5 50. Ke2 Rb2+ 
51. Kd1 Rxg2 52. Rc7 Kd5 53. Rd7+ Kc5 54. Rc7+ Kd5 55. Rd7+ Kc5 56. Rc7+ Kd6 
57. Rxc4 Ke5 58. Bd2 Kd5 59. Rc8 Rf2 60. Bxg5 Rxf3 61. Kc2 Rf2+ 62. Kd3 Rf3+ 
63. Kc2 Ba1 64. Rd8+ Kc4 65. Rc8+ Kd5 66. h4 Bd4 67. h5 Rh3 68. h6 Rf3 
69. Rd8+ Kc4 70. h7 Rh3 71. h8=Q Bxh8 72. Be7 1/2-1/2

[Event "Friday Night Engine Tour 7rd Swiss 12m+1s Starts at 2200hrs ST"]
[Site "Infinity Chess"]
[Date "2018.4.6"]
[Round "5"]
[White "Dovahkiin"]
[Black "OlivierEvan"]
[Result "1/2-1/2"]
[ECO "A41"]
[WhiteElo "2346"]
[BlackElo "2445"]
[WhiteEngine "corchess_x64_modern_CTG"]
[BlackEngine "Houdini 6"]
[EventType "Swiss"]
[WhiteTeam ""]
[BlackTeam ""]
[PlyCount "80"]
[TimeControl "720+1"]

1. d4 g6 2. c4 Bg7 3. Nc3 d6 4. e4 e5 5. Nf3 Nc6 6. Bg5 f6 7. Be3 exd4 
8. Nxd4 Nge7 9. h4 f5 10. h5 Bd7 11. Nxc6 Nxc6 12. Qc2 a5 13. Qd2 Be6 
14. exf5 Bxf5 15. Nd5 O-O 16. Be2 Qd7 17. hxg6 hxg6 18. Rd1 Rae8 19. Kf1 Ne5 
20. c5 dxc5 21. Bxc5 Rf7 22. Qg5 Qe6 23. Ne3 b6 24. Bd4 Rd7 25. Nxf5 Nf7 
26. Qe3 gxf5 27. Qxe6 Rxe6 28. Be3 Rxd1+ 29. Bxd1 Bxb2 30. Rh5 Re5 31. g3 Kg7 
32. Bb3 Kg6 33. Bxf7+ Kxf7 34. Rh7+ Ke6 35. Rxc7 b5 36. Bf4 Rd5 37. Rc6+ Kd7 
38. Rc7+ Ke6 39. Rc6+ Kd7 40. Rc7+ Ke6 1/2-1/2

[Event "Friday Night Engine Tour 7rd Swiss 12m+1s Starts at 2200hrs ST"]
[Site "Infinity Chess"]
[Date "2018.4.6"]
[Round "5"]
[White "MrScience"]
[Black "Vimtiroba"]
[Result "1/2-1/2"]
[ECO "E10"]
[WhiteElo "2433"]
[BlackElo "2361"]
[WhiteEngine "cfish"]
[BlackEngine "SF9 ''M26''_CTG"]
[EventType "Swiss"]
[WhiteTeam ""]
[BlackTeam ""]
[PlyCount "157"]
[TimeControl "720+1"]

1. d4 Nf6 2. c4 e6 3. Nf3 d5 4. g3 dxc4 5. Bg2 a6 6. O-O Nc6 7. e3 Bd7 8. Qe2 b5 
9. b3 cxb3 10. axb3 Bd6 11. Bb2 O-O 12. Rc1 Nd5 13. Nc3 Ncb4 14. Ne4 f6 
15. Ba3 a5 16. Ne1 Re8 17. Qd1 Bf8 18. Nc5 Bc6 19. Qd2 Nb6 20. Bh3 Qd5 
21. e4 Qd6 22. Qe2 f5 23. Nf3 g6 24. Bg2 Bh6 25. Re1 Bg7 26. Rac1 Bh6 
27. Rcd1 Bxe4 28. Nxe4 fxe4 29. Qxe4 N6d5 30. Qg4 Ra6 31. Ne5 Rf8 32. Nd3 Nc3 
33. Ra1 Bg7 34. Bxb4 axb4 35. Rxa6 Qxa6 36. Nxb4 Qd6 37. Nc6 Re8 38. h4 Nd5 
39. Rc1 Qa3 40. Re1 Qd6 41. Ne5 Qb4 42. Qe2 Qc3 43. Qd1 Nb4 44. Re3 Qc2 
45. Qe1 Bxe5 46. Qxb4 Qd1+ 47. Bf1 Bg7 48. Kg2 Rf8 49. Bxb5 Qxd4 50. Bc4 Kh8 
51. Qe1 e5 52. Rd3 Qa7 53. Bd5 Rd8 54. Qe4 Qc5 55. b4 Qc2 56. Qe3 Qb2 
57. h5 gxh5 58. Qe4 Rf8 59. Rf3 Rxf3 60. Qxf3 Qxb4 61. Qxh5 Qe7 62. Qg4 Qd6 
63. Qc8+ Bf8 64. Be4 Qe7 65. Qf5 Qg7 66. Bd5 Bd6 67. Qc8+ Qf8 68. Qe6 Qg7 
69. Be4 Qg8 70. Qd7 Qg7 71. Qf5 Qg6 72. Qxg6 hxg6 73. Bxg6 Kg7 74. Be4 Bc5 
75. g4 Kf6 76. Kf3 Kg5 77. Bf5 Bd4 78. Ke4 Bxf2 79. Kxe5 1/2-1/2

[Event "Friday Night Engine Tour 7rd Swiss 12m+1s Starts at 2200hrs ST"]
[Site "Infinity Chess"]
[Date "2018.4.6"]
[Round "5"]
[White "Macho"]
[Black "ocirema"]
[Result "1/2-1/2"]
[ECO "C26"]
[WhiteElo "2431"]
[BlackElo "2418"]
[WhiteEngine "Cfish 2018-04-06 64 POPC"]
[BlackEngine "asmFishW_2018-04-01_popcnt"]
[EventType "Swiss"]
[WhiteTeam ""]
[BlackTeam ""]
[PlyCount "79"]
[TimeControl "720+1"]

1. e4 e5 2. Nc3 Nf6 3. g3 Bc5 4. Bg2 Nc6 5. d3 a5 6. Nge2 O-O 7. O-O d6 
8. h3 Bd7 9. Kh2 h6 10. f4 Re8 11. a4 Nb4 12. Nb1 Bb6 13. Nd2 c6 14. Nc4 Bc7 
15. Ne3 Bb6 16. Bd2 d5 17. fxe5 Rxe5 18. Bc3 Rg5 19. Bxf6 gxf6 20. Rf3 Re5 
21. Nf4 dxe4 22. dxe4 Rxe4 23. Nh5 Rxe3 24. Nxf6+ Kg7 25. Nxd7 Rxf3 26. Bxf3 Ba7 
27. Qd6 Nxc2 28. Rc1 Ne3 29. h4 Rc8 30. Kh3 Qc7 31. Qf6+ Kg8 32. Nc5 Bb8 
33. Rg1 Rd8 34. Qxh6 Qc8+ 35. g4 Rd2 36. Qg5+ Kh8 37. Qh6+ Kg8 38. Qg5+ Kh8 
39. Qf6+ Kg8 40. Qg5+ 1/2-1/2

[Event "Friday Night Engine Tour 7rd Swiss 12m+1s Starts at 2200hrs ST"]
[Site "Infinity Chess"]
[Date "2018.4.6"]
[Round "5"]
[White "Coco69"]
[Black "fati64"]
[Result "1/2-1/2"]
[ECO "C50"]
[WhiteElo "2426"]
[BlackElo "2434"]
[WhiteEngine "Raubfisch X38_CTG"]
[BlackEngine "BrainFish_180404_x64"]
[EventType "Swiss"]
[WhiteTeam ""]
[BlackTeam ""]
[PlyCount "110"]
[TimeControl "720+1"]

1. e4 e5 2. Nf3 Nc6 3. Bc4 Bc5 4. O-O Nf6 5. d3 d6 6. c3 O-O 7. h3 a5 8. Nbd2 h6 
9. Re1 Be6 10. a4 Bxc4 11. Nxc4 Re8 12. Be3 Bxe3 13. Rxe3 b6 14. Qb3 Ne7 
15. g3 Ng6 16. Rae1 Qd7 17. Kg2 Rad8 18. R3e2 Nf8 19. d4 exd4 20. Nxd4 Ng6 
21. Qb5 Ne5 22. Qxd7 Rxd7 23. Ne3 Nd3 24. Rd1 Nc5 25. f3 Nxa4 26. Nc6 Nc5 
27. b4 axb4 28. cxb4 Ne6 29. h4 g6 30. Red2 Ra8 31. e5 Ne8 32. Nc4 b5 
33. N4a5 N8g7 34. g4 h5 35. exd6 hxg4 36. fxg4 Ne8 37. dxc7 Rxc7 38. Nd4 Nxd4 
39. Rxd4 Rc2+ 40. R1d2 Rac8 41. Rxc2 Rxc2+ 42. Kf3 Nc7 43. Rd8+ Kg7 44. Rc8 f5 
45. gxf5 gxf5 46. Nb7 Rc3+ 47. Kf2 Kg6 48. Nd6 Nd5 49. Rxc3 Nxc3 50. Kg3 Nd5 
51. Nxb5 f4+ 52. Kg2 f3+ 53. Kf1 Nxb4 54. Kf2 Kh5 55. Kxf3 Kxh4 1/2-1/2

[Event "Friday Night Engine Tour 7rd Swiss 12m+1s Starts at 2200hrs ST"]
[Site "Infinity Chess"]
[Date "2018.4.6"]
[Round "5"]
[White "CoffeeOne"]
[Black "MGR"]
[Result "1/2-1/2"]
[ECO "C55"]
[WhiteElo "2456"]
[BlackElo "2476"]
[WhiteEngine "stockfish_9"]
[BlackEngine "asmFishW_2018-04-02_bmi2"]
[EventType "Swiss"]
[WhiteTeam ""]
[BlackTeam ""]
[PlyCount "135"]
[TimeControl "720+1"]

1. e4 e5 2. Nf3 Nc6 3. Bc4 Nf6 4. d3 Bc5 5. c3 d6 6. O-O a5 7. Nbd2 O-O 
8. Re1 Be6 9. Bb5 Ba7 10. h3 Ne7 11. Bc4 Nc6 12. b3 h6 13. Nf1 d5 14. exd5 Nxd5 
15. Bd2 Qf6 16. N1h2 Rad8 17. Rc1 Nf4 18. Bxf4 Bxc4 19. bxc4 Qxf4 20. Qc2 f5 
21. Rb1 e4 22. dxe4 Bxf2+ 23. Kxf2 fxe4 24. Qxe4 Qxh2 25. Re2 Rf4 26. Rxb7 Rxe4 
27. Nxh2 Rf4+ 28. Nf3 Rc8 29. Ke3 Rxc4 30. Kd2 Rc5 31. a3 Rd8+ 32. Kc2 Nd4+ 
33. Nxd4 Rxd4 34. g3 Kf7 35. Re5 Rdc4 36. Rxc5 Rxc5 37. a4 Ke6 38. g4 Kd5 
39. Kd3 Kc6 40. Ra7 Rd5+ 41. Ke4 Rg5 42. Ra6+ Kd7 43. c4 h5 44. gxh5 Rxh5 
45. Rg6 Rh4+ 46. Kd3 Rxh3+ 47. Ke4 Kd8 48. Rxg7 Rh4+ 49. Kd3 Rh3+ 50. Kd4 Kc8 
51. Rg5 Rh4+ 52. Kc3 Kb7 53. c5 Rxa4 54. c6+ Ka6 55. Rg1 Ra3+ 56. Kc4 a4 
57. Kb4 Rh3 58. Kxa4 Kb6 59. Rc1 Rh2 60. Kb3 Rh3+ 61. Ka2 Rh6 62. Kb3 Kb5 
63. Rc3 Kb6 64. Rc1 Rh3+ 65. Ka2 Kb5 66. Rc2 Rh6 67. Kb3 Rf6 68. Rc1 1/2-1/2